 Dungeon Crawl Stone Soup version 0.32-a0-834-geaf45d8e21 (webtiles) character file.

Game seed: 13940162893033988381

1742 BigDaddyOpFi the Shield-Bearer (level 9, -6/73 HPs)
             Began as a Gnoll Fighter on Mar 25, 2024.
             Was a Follower of Okawaru.
             Mangled by a very large slime creature (40 damage)
             ... on level 7 of the Dungeon.
             The game lasted 00:08:00 (6098 turns).

BigDaddyOpFi the Shield-Bearer (Gnoll Fighter)      Turns: 6098, Time: 00:08:00

Health: -6/73      AC: 12    Str: 19    XL:     9   Next: 5%
Magic:  15/15      EV: 12    Int: 13    God:    Okawaru [*.....]
Gold:   408        SH: 10    Dex: 13    Spells: 16/16 levels left

rFire   . . .        a - +0 war axe
rCold   . . .        c - +0 buckler
rNeg    . . .        d - +2 steam dragon scales
rPois   +            o - +0 helmet
rElec   .            e - +0 cloak
rCorr   .            u - +0 pair of gloves
SInv    .            (no boots)
Will    .....        m - amulet of reflection
Stlth   ++           s - +6 ring of intelligence
HPRegen 0.32/turn    (no ring)
MPRegen 0.14/turn

%: reflection
@: about to teleport
A: fangs 1, strong nose, distributed training, poison resistance, wild magic 1,
MP-powered wands
a: Renounce Religion, Heroism


You were on level 7 of the Dungeon.
You worshipped Okawaru.
Okawaru was aware of your devotion.
You visited 1 branch of the dungeon, and saw 7 of its levels.

You collected 408 gold pieces.

Inventory:

Hand Weapons
 a - a +0 war axe (weapon)
Armour
 c - a +0 buckler (worn)
 d - +2 steam dragon scales (worn)
 e - a +0 cloak (worn)
 f - a scarf of harm
 h - a +0 chain mail
 o - a +0 helmet (worn)
 u - a +0 pair of gloves (worn)
Jewellery
 m - an amulet of reflection (around neck)
 s - a +6 ring of intelligence (left hand)
 v - an amulet of magic regeneration
Wands
 l - a wand of roots (4)
 p - a wand of polymorph (18)
Scrolls
 b - 3 scrolls of teleportation
 j - 2 scrolls of noise
 q - a scroll of immolation
Potions
 i - a potion of attraction
 k - 4 potions of curing
 n - 2 potions of lignification {unknown}
 r - a potion of mutation
 t - a potion of brilliance {unknown}


   Skills:
 + Level 7.7 Fighting
 + Level 4.0 Short Blades
 + Level 4.0 Long Blades
 + Level 6.1 Axes
 + Level 4.0 Maces & Flails
 + Level 4.0 Polearms
 + Level 4.0 Staves
 + Level 4.0 Ranged Weapons
 + Level 4.0 Throwing
 + Level 7.7 Armour
 + Level 4.0 Dodging
 + Level 4.0 Stealth
 + Level 7.7 Shields
 + Level 4.0 Unarmed Combat
 + Level 4.0 Spellcasting
 + Level 3.2 Conjurations
 + Level 3.2 Hexes
 + Level 3.2 Summonings
 + Level 3.2 Necromancy
 + Level 3.2 Translocations
 + Level 3.2 Fire Magic
 + Level 3.2 Ice Magic
 + Level 3.2 Air Magic
 + Level 3.2 Earth Magic
 + Level 3.2 Alchemy
 + Level 4.4 Invocations
 + Level 4.0 Evocations
 + Level 3.6 Shapeshifting


You had 16 spell levels left.
You didn't know any spells.
Your spell library contained the following spells:

 Spells                   Type           Power      Damage    Failure   Level
 Magic Dart               Conj           56%        1d5       10%         1
 Slow                     Hex            56%        N/A       10%         1
 Blink                    Tloc           28%        N/A       14%         2
 Lesser Beckoning         Tloc           28%        N/A       14%         2
 Momentum Strike          Conj/Tloc      28%        3d8       14%         2
 Searing Ray              Conj           28%        2d5       14%         2
 Confusing Touch          Hex            14%        N/A       26%         3
 Gell's Gravitas          Tloc           14%        N/A       26%         3
 Teleport Other           Tloc           14%        N/A       26%         3
 Vampiric Draining        Necr           14%        2d7       26%         3
 Fulminant Prism          Conj/Alch      7%         3d7       63%         4


Dungeon Overview and Level Annotations

Branches:
Dungeon (7/15)             Temple (0/1) D:4

Altars:
Dithmenos
Kikubaaqudgha
Makhleb
Nemelex Xobeh
Okawaru
Qazlal
Ru
The Shining One

Shops:
D:3 !*!!


Innate Abilities, Weirdness & Mutations

You have very sharp teeth.
Your uncanny sense of smell can sniff out nearby items.
Your experience applies equally to all skills.
Your system is resistant to poisons. (rPois)
Your spells are a little harder to cast, but a little more powerful.
You expend magic power (3 MP) to strengthen your wands.


Message History

You feel a bit more experienced.
Things that are here:
a +0 dagger; a +0 robe
Things that are here:
a +0 dagger; a +0 robe A slime creature comes into view.
The slime creature quivers.
Warning A slime creature comes into view.
The slime creature quivers.
A slime creature comes into view.
A slime creature comes into view.
You block the slime creature's attack.
You barely miss the slime creature. Your bite misses the slime creature.
The slime creature quivers.
The slime creature hits you!
Two slime creatures merge to form a large slime creature.
You barely miss the large slime creature.
The slime creature quivers.
You hit the large slime creature.
You bite the large slime creature, but do no damage.
The large slime creature is lightly wounded.
You hit the large slime creature.
The large slime creature is lightly wounded.
You block the large slime creature's attack.
Two slime creatures merge to form a very large slime creature.
You slash the very large slime creature!
You bite the very large slime creature.
The very large slime creature is lightly wounded.
The very large slime creature hits you!!
You are too injured to fight recklessly!
You are too injured to fight recklessly!
You are too injured to fight recklessly!
You are too injured to fight recklessly!
Unknown command.
As you read the scroll of teleportation, it crumbles to dust.
You feel strangely unstable.
The very large slime creature hits you!!!
Ouch! That really hurt!
You die...

##### ########
#######.......
..............
#######.######
..##########
#.#
.....JJ@...#
#.#
#.########.#
#.# #.######.#
#........#
##########


You could see a very large slime creature and a slime creature.

Vanquished Creatures
  Sigmund (D:3)
  A steam dragon (D:4)
  2 water moccasins
  An ice beast (D:6)
  A black bear (D:4)
  A sky beast (D:7)
  A centaur (D:6)
  A phantom (D:4)
  A kobold brigand (D:7)
  4 orc priests
  2 bombardier beetles
  2 hounds
  2 jellies
  4 iguanas
  3 orc wizards
  4 gnolls
  9 adders
  A shadow imp (D:5)
  A white imp (D:6)
  3 ufetubi
  6 dart slugs
  16 orcs
  8 ball pythons
  5 bats
  7 endoplasms
  8 giant cockroaches
  5 goblins
  9 hobgoblins
  3 jackals (D:5)
  2 quokkas
  4 frilled lizards
  11 kobolds
  7 rats
136 creatures vanquished.

Notes
Turn   | Place    | Note
-------+----------+-------------------------------------------
     0 | D:1      | BigDaddyOpFi the Gnoll Fighter began the quest for the Orb.
     0 | D:1      | Reached XP level 1. HP: 23/23 MP: 1/1
    50 | D:1      | Found a large runed translucent door.
    50 | D:1      | Found a large runed translucent door.
   144 | D:1      | Reached XP level 2. HP: 29/29 MP: 2/2
   163 | D:1      | Reached skill level 1 in Invocations
   163 | D:1      | Reached XP level 3. HP: 8/35 MP: 2/4
   563 | D:1      | Reached skill level 1 in Short Blades
   563 | D:1      | Reached skill level 1 in Long Blades
   563 | D:1      | Reached skill level 1 in Maces & Flails
   563 | D:1      | Reached skill level 1 in Polearms
   563 | D:1      | Reached skill level 1 in Staves
   563 | D:1      | Reached skill level 1 in Ranged Weapons
   563 | D:1      | Reached skill level 1 in Throwing
   563 | D:1      | Reached skill level 1 in Dodging
   563 | D:1      | Reached skill level 1 in Stealth
   563 | D:1      | Reached skill level 1 in Unarmed Combat
   563 | D:1      | Reached skill level 1 in Spellcasting
   563 | D:1      | Reached skill level 1 in Evocations
  1058 | D:2      | Found a faded altar of an unknown god.
  1156 | D:2      | Reached skill level 1 in Shapeshifting
  1156 | D:2      | Reached XP level 4. HP: 41/41 MP: 5/5
  1605 | D:3      | Found Fontil's Distillery.
  1645 | D:3      | Noticed Sigmund
  1650 | D:3      | Gained mutation: Your spells are a little harder to cast,
                  | but a little more powerful. [potion of mutation]
  1650 | D:3      | Gained mutation: Your system is resistant to poisons.
                  | (rPois) [potion of mutation]
  1650 | D:3      | Gained mutation: You expend magic power (3 MP) to
                  | strengthen your wands. [potion of mutation]
  1663 | D:3      | Killed Sigmund
  1664 | D:3      | Reached skill level 1 in Conjurations
  1664 | D:3      | Reached skill level 1 in Hexes
  1664 | D:3      | Reached skill level 1 in Summonings
  1664 | D:3      | Reached skill level 1 in Necromancy
  1664 | D:3      | Reached skill level 1 in Translocations
  1664 | D:3      | Reached skill level 1 in Fire Magic
  1664 | D:3      | Reached skill level 1 in Ice Magic
  1664 | D:3      | Reached skill level 1 in Air Magic
  1664 | D:3      | Reached skill level 1 in Earth Magic
  1664 | D:3      | Reached skill level 1 in Alchemy
  1664 | D:3      | Reached XP level 5. HP: 34/47 MP: 5/7
  1664 | D:3      | Reached XP level 6. HP: 39/53 MP: 5/8
  1881 | D:3      | Reached skill level 5 in Axes
  1903 | D:3      | Found Awiem's Assorted Antiques.
  2088 | D:3      | Found Purouf's Distillery.
  2187 | D:3      | Found Naowevi's Distillery.
  2454 | D:4      | Noticed a steam dragon
  2468 | D:4      | Killed a steam dragon
  2469 | D:4      | Reached XP level 7. HP: 60/60 MP: 10/10
  2585 | D:4      | Found an ancient bone altar of Kikubaaqudgha.
  2604 | D:4      | Found a glowing golden altar of the Shining One.
  2605 | D:4      | Found a burning altar of Makhleb.
  2606 | D:4      | Found a sacrificial altar of Ru.
  2606 | D:4      | Found a stormy altar of Qazlal.
  2607 | D:4      | Found an iron altar of Okawaru.
  2609 | D:4      | Found a shadowy altar of Dithmenos.
  2624 | D:4      | Became a worshipper of Warmaster Okawaru
  2842 | D:4      | Found a sparkling altar of Nemelex Xobeh.
  2985 | D:4      | Found a staircase to the Ecumenical Temple.
  3323 | D:5      | Entered Level 5 of the Dungeon
  3867 | D:5      | Reached * piety under Okawaru
  3868 | D:5      | Reached XP level 8. HP: 60/67 MP: 12/12
  5876 | D:7      | Reached XP level 9. HP: 73/73 MP: 14/14
  6098 | D:7      | Mangled by a very large slime creature

Illustrated notes

Levels and vault maps discovered:
D:1:      erik_arrival_cave_to_civilisation [erik_arrival_cave_to_temple],
          layout_basic, nicolae_titane
D:2:      wad_pebble_path, layout_loops_ring, ebering_ecumenical_altar_mist,
          st_stairs_2, minmay_misc_feat_rows, minivault_11
D:3:      layout_basic, serial_shops, shop, nicolae_shop_real_fake_doors,
          nicolae_shop_just_a_little_nook, nicolae_shop_trees, uniq_sigmund
D:4:      layout_loops_cross, nicolae_overflow_hallway_of_the_gods,
          nemelex_spade_bored_becter, minmay_temple_entry_mini_moons
D:5:      layout_loops_corners
D:6:      layout_loops_corners, kennysheep_generic_room_7
D:7:      layout_loops_ring, serial_rivers, chequers_serial_rivers_micro_a,
          chequers_serial_rivers_small_3, chequers_serial_rivers_micro_d,
          chequers_serial_rivers_large_a, minmay_misc_feat_five

Skill      XL: |  1  2  3  4  5  6  7  8  9 |
---------------+----------------------------+-----
Invocations    | 1 2 3 4 |  4.4
Short Blades   | 1 2 3 4 |  4.0
Long Blades    | 1 2 3 4 |  4.0
Maces & Flails | 1 2 3 4 |  4.0
Polearms       | 1 2 3 4 |  4.0
Staves         | 1 2 3 4 |  4.0
Ranged Weapons | 1 2 3 4 |  4.0
Throwing       | 1 2 3 4 |  4.0
Dodging        | 1 2 3 4 |  4.0
Stealth        | 1 2 3 4 |  4.0
Unarmed Combat | 1 2 3 4 |  4.0
Spellcasting   | 1 2 3 4 |  4.0
Evocations     | 1 2 3 4 |  4.0
Shapeshifting  | 1 2 3 |  3.6
Conjurations   | 1 2 3 |  3.2
Hexes          | 1 2 3 |  3.2
Summonings     | 1 2 3 |  3.2
Necromancy     | 1 2 3 |  3.2
Translocations | 1 2 3 |  3.2
Fire Magic     | 1 2 3 |  3.2
Ice Magic      | 1 2 3 |  3.2
Air Magic      | 1 2 3 |  3.2
Earth Magic    | 1 2 3 |  3.2
Alchemy        | 1 2 3 |  3.2
Axes           | 5 6 |  6.1
Fighting       | 7 |  7.7
Armour         | 7 |  7.7
Shields        | 7 |  7.7

Action                     |  1- 3 |  4- 6 |  7- 9 || total
---------------------------+-------+-------+-------++-------
  Melee: War axe           |    74 |   100 |   324 ||   498
         Bite              |     8 |     8 |    40 ||    56
    Use: Potion            |     1 |     6 |       ||     7
         Scroll            |       |     3 |     7 ||    10
   Stab: Sleeping          |       |       |     5 ||     5
         Distracted        |       |       |     1 ||     1
 Armour: Scale mail        |    66 |       |       ||    66
         Chain mail        |     2 |    68 |     2 ||    72
         Steam dragon scal |       |       |   216 ||   216
  Dodge: Dodged            |    33 |    28 |   170 ||   231
  Block: Buckler           |    25 |    25 |   114 ||   164
         Reflection        |       |       |     3 ||     3

Table legend: (Time is in decaauts)
 A = Elapsed time spent in this place.
 B = Non-inter-level travel time spent in this place.
 C = Inter-level travel time spent in this place.
 D = Time resting spent in this place.
 E = Time spent auto-exploring this place.
 F = Levels seen in this place.
 G = Mean time per level.
                   A        B        C        D        E       F      G
               +--------+--------+--------+--------+--------+-----+--------+
         Total |   6245 |   6042 |    203 |    144 |   4675 |   7 |  892.1 |
       Dungeon |   6245 |   6042 |    203 |    144 |   4675 |   7 |  892.1 |
               +--------+--------+--------+--------+--------+-----+--------+

Top non-repeatable levels by time:
     D:5: 1193 daAuts
     D:6: 1076 daAuts
     D:4: 1057 daAuts
     D:1: 1013 daAuts
     D:3: 761 daAuts
     D:2: 574 daAuts
     D:7: 569 daAuts
